AoeStats
← MORA

Arabian Desert

510878661Analyzed
1v1 RM · 19h ago on Oct 2, 2026· 52m 51s· 2 players
Game mode
Random Map
Map size
Tiny (2 player)
Population
200
Speed
Normal
Resources
Standard
Victory
Conquest
Starting age
Dark Age
Ending age
Imperial Age
RankedLock teamsTeams togetherTeam positionsShared explorationLock speedFull tech treeHidden civsTurbo modeCheats
Victory
Defeat
🇦🇺 Varangians · Australia
1212
+16
🇨🇱 Shu · Chile
1211
-16
MORA
4:46 Loom
10:09 Feudal Age
13:49 Fletching
22:04 Castle Age
20:08 Double-Bit Axe
22:08 Crossbowman
22:44 Bodkin Arrow
23:34 Pikeman
24:39 Padded Archer Armor
26:24 Scale Mail Armor
27:34 Forging
29:45 Squires
31:28 Leather Archer Armor
32:33 Wheelbarrow
37:08 Gold Mining
37:16 Horse Collar
40:59 Imperial Age
39:33 Chain Mail Armor
41:33 Thumb Ring
41:19 Arbalester
42:08 Bracer
43:47 Ring Archer Armor
45:42 Ring Archer Armor
51:48 Plate Mail Armor
wayne_king
9:44 Feudal Age
9:54 Man-at-Arms
10:55 Double-Bit Axe
11:03 Loom
12:23 Horse Collar
16:23 Fletching
22:32 Castle Age
22:57 Scale Barding Armor
23:03 Forging
23:10 Bloodlines
23:58 Gold Mining
26:22 Chain Barding Armor
28:37 Wheelbarrow
31:59 Scale Mail Armor
32:22 Heavy Plow
37:23 Bow Saw
41:51 Imperial Age
42:19 Hand Cart
44:11 Cavalier
45:58 Plate Barding Armor
47:04 Light Cavalry
49:09 Iron Casting
51:03 Blast Furnace
52:44 Town Watch
Connection lost

Rejoining the realm…

Still unreachable

The connection could not be restored.

Session expired

The server has moved on; the page needs a fresh start.